Cogmind - Beta 14 @@@ ROGUE MODE // 2024.08.07 @ 23:44:07 Player: Sgt. SmokeWeed Result: Destroyed by G-67 Veteran with Plasma Rifle Performance ------------- Evolutions (6) 3000 Regions Visited (9) 1800 Robots Destroyed (79) 395 Value Destroyed (2082) 2082 Prototype IDs (18) 360 Alien Tech Used (0) 0 Bonus (164) 164 TOTAL SCORE: 7801 Bonus ------- Follower Combat Kills 40 Registered with UFD 300 Friendly Fire -176 Cogmind --------- Core Integrity 0/1150 Matter 238/300 Energy 152/310 System Corruption 1% Temperature Cool (0) Movement Core (350) Ox6 Location -4/Factory Parts ------- > --- POWER (3) -------- Reinforced Fission Core > --- PROPULSION (2) --- (None) > --- UTILITY (10) ----- Hacking Suite > --- WEAPON (4) ------- (None) > --- INVENTORY (5) ---- DRS Beacon (Ready) Peak State ------------ > --- POWER ------------ Improved Ion Engine F-cell Engine Fission Core > --- PROPULSION ------- Light Treads Medium Treads > --- UTILITY ---------- Advanced Heat Sink High-powered Tractor Beam > --- WEAPON ----------- Improved Assault Rifle Improved Heavy Machine Gun Improved Heavy Machine Gun EMP Blaster > --- INVENTORY -------- DRS Beacon [Rating: 43] Favorites ----------- Power Light Ion Engine Engine Light Ion Engine Power Core Fission Core Propulsion Light Treads Treads Light Treads Leg Flexi-carbon Leg Hover Unit Gravmag Array Utility Advanced Heat Sink Device Advanced Heat Sink Hackware Hacking Suite Weapon Improved Assault Rifle Energy Gun Shock Rifle Energy Cannon Advanced Beam Cannon Ballistic Gun Improved Assault Rifle Ballistic Cannon Light Cannon Launcher EMP Blaster Slashing Weapon Companion Sword Build | -11 -10 -10 -9 -9 -9 -9 -6 -5 -4 ------- Run | Yrd Mat Min Mat Sto Rec Scr Fac Fac Fac Slots Evolved 12 | . . . 2 . . . 6 2 2 Power 2 | . . . . . . . 2 . . Propulsion . | . . . . . . . . . . Utility 8 | . . . . . . . 4 2 2 Weapon 2 | . . . 2 . . . . . . Parts Attached 71 | 5 1 . 7 9 5 1 24 3 16 Power 18 | 1 . . 1 2 2 . 5 . 7 Engine 9 | 1 . . 1 2 2 . 3 . . Core 9 | . . . . . . . 2 . 7 Reactor . | . . . . . . . . . . Propulsion 15 | 2 . . 2 1 3 . 5 . 2 Treads 9 | 2 . . 2 1 3 . 1 . . Leg 5 | . . . . . . . 4 . 1 Wheel . | . . . . . . . . . . Hover 1 | . . . . . . . . . 1 Flight . | . . . . . . . . . . Utility 9 | . . . 1 . . . 4 2 2 Device 6 | . . . 1 . . . 3 1 1 Storage . | . . . . . . . . . . Processor . | . . . . . . . . . . Hackware 3 | . . . . . . . 1 1 1 Protection . | . . . . . . . . . . Artifact . | . . . . . . . . . . Weapon 29 | 2 1 . 3 6 . 1 10 1 5 Energy Gun 3 | . . . . . . . 1 . 2 Energy Cannon 5 | . . . 1 . . . . 1 3 Ballistic Gun 15 | 2 . . 1 5 . . 7 . . Ballistic Cannon 2 | . . . . 1 . . 1 . . Launcher 3 | . 1 . 1 . . . 1 . . Special Weapon . | . . . . . . . . . . Impact Weapon . | . . . . . . . . . . Slashing Weapon 1 | . . . . . . 1 . . . Piercing Weapon . | . . . . . . . . . . Special Melee Weapon . | . . . . . . . . . . Unidentified Prototypes 9 | . . . 1 2 . 1 3 1 1 Parts Lost 31 | . . . 3 . 2 . 13 2 11 Power 8 | . . . 1 . 1 . 3 . 3 Propulsion 5 | . . . . . 1 . 2 . 2 Utility 5 | . . . 1 . . . 3 . 1 Weapon 13 | . . . 1 . . . 5 2 5 Highest Loss Streak 10 | . . . 3 . 2 . 10 2 8 To Critical Strikes 1 | . . . . . . . 1 . . Average Slot Usage (%) 48 | . 71 71 68 73 71 33 51 22 15 Engine 9 | . 14 14 10 11 8 11 5 2 . Treads 19 | . 28 28 22 22 20 22 11 . . Ballistic Gun 15 | . 22 14 14 33 42 . 17 3 . Launcher 1 | . 5 14 8 . . . 5 . . Peak Build Rating 43 | 5 5 5 11 17 18 10 43 29 38 Average Rating 10 | 4 4 5 8 13 16 4 23 16 19 On Entrance 6 | . 5 5 5 8 17 3 4 22 . Naked Turns 37 | . . . . . . . . 31 6 Heaviest Build 46 | 8 10 10 19 20 20 3 46 18 34 Greatest Support 48 | 40 40 40 40 40 40 40 48 40 20 Greatest Overweight (x) 7 | . . . . . . . 1 . 7 Average Overweight (x) . | . . . . . . . . . . Largest Inventory Capacity 5 | 5 5 5 5 5 5 5 5 5 5 Average Capacity 5 | 5 5 5 5 5 5 5 5 5 5 Most Carried 5 | . . . 2 4 3 5 5 2 4 Average Carried 2 | . . . . . . 4 1 2 2 Final Capacity 5 | 5 5 5 5 5 5 5 5 5 5 Final Carried 5 | . . . 2 . 3 5 2 2 1 Class Distribution -------------------- 46% | Commander-Mutant 25% | Gunner 12% | Mutant 12% | Commander-Gunner 3% | Scavenger-Gunner Dominant Class ---------------- Mutant | -10/Materials Mutant | -10/Mines Gunner | -9/Materials Gunner | -9/Storage Gunner | -9/Recycling Commander-Mutant | -9/Scraptown Commander-Gunner | -6/Factory Mutant | -5/Factory Mutant | -4/Factory Resources | -11 -10 -10 -9 -9 -9 -9 -6 -5 -4 ----------- Run | Yrd Mat Min Mat Sto Rec Scr Fac Fac Fac Matter Collected 2310 | 174 34 94 138 361 409 90 939 . 71 Remotely 201 | . . . . . . . 201 . . Salvage Created 3421 | . 123 . 243 458 921 . 1430 . 246 Parts 164 | . 7 . 17 35 36 . 59 . 10 Haulers Intercepted 3 | . . . 1 1 . . 1 . . Recyclers Shooed 6 | . . . . . 2 . 4 . . Parts Field Recycled . | . . . . . . . . . . Retrieved Matter . | . . . . . . . . . . Parts Self-Destructed . | . . . . . . . . . . Prevented . | . . . . . . . . . . Kills | -11 -10 -10 -9 -9 -9 -9 -6 -5 -4 ------- Run | Yrd Mat Min Mat Sto Rec Scr Fac Fac Fac Combat Hostiles Destroyed 48 | . 5 . 7 11 9 . 13 . 3 Guns 33 | . 3 . 1 8 9 . 11 . 1 Cannons 7 | . . . 4 3 . . . . . AOE 6 | . 2 . 2 . . . 2 . . Classes Destroyed 14 | . 3 . 3 2 3 . 3 . . Worker 6 | . 2 . . 1 . . 3 . . Builder 7 | . . . 1 . 2 . 4 . . Hauler 3 | . . . 1 1 . . 1 . . Recycler 10 | . . . . . 5 . 5 . . Operator 2 | . . . . . . . 2 . . Watcher 2 | . 1 . . 1 . . . . . Swarmer 17 | . 5 . 4 4 . . 4 . . Grunt 12 | . . . . 4 2 . 5 . 1 Brawler 2 | . . . . 1 . . . . 1 Duelist 1 | . . . . . 1 . . . . Protector 1 | . . . . . . . 1 . . Sentry 10 | . . . 3 2 4 . . . 1 Hunter 2 | . . . . . . . 2 . . Programmer 4 | . . . . . 2 . 2 . . Best Kill Streak 9 | . 5 . 4 9 5 . 5 . 3 Combat Bots Only 7 | . 3 . 4 7 5 . 2 . 3 Max Kills in Single Turn 4 | . 3 . 2 2 2 . 4 . 1 Gunslinging 1 | . 1 . . . 1 . . . . Exploded 2 | . 2 . 2 . . . 1 . . Melee . | . . . . . . . . . . Uniques/NPCs Destroyed . | . . . . . . . . . . Combat | -11 -10 -10 -9 -9 -9 -9 -6 -5 -4 -------- Run | Yrd Mat Min Mat Sto Rec Scr Fac Fac Fac Hostile Shots Fired 483 | . 20 . 33 48 46 . 127 22 187 Missed 139 | . 5 . 6 16 12 . 28 4 68 Damage Taken 5983 | . 145 . 670 381 555 . 1500 428 2304 Core 1909 | . 53 . 166 40 40 . 264 188 1158 Absorbed by Shields 41 | . . . . . . . 41 . . Core Remaining (%) 73 | 100 . 78 . . . 38 68 81 . Volleys Fired 139 | . 6 . 17 26 19 . 57 7 7 Largest 4 | . 2 . 3 4 4 . 4 2 3 Hottest 243 | . 50 . 121 108 92 . 102 73 243 Shots Fired 393 | . 12 . 41 99 74 . 141 13 13 Gun 341 | . 10 . 22 81 74 . 135 13 6 Cannon 42 | . . . 17 18 . . . . 7 Launcher 10 | . 2 . 2 . . . 6 . . Special . | . . . . . . . . . . Kinetic 343 | . 10 . 22 95 74 . 135 7 . Thermal 27 | . . . 17 4 . . . . 6 Explosive 4 | . 2 . 2 . . . . . . Electromagnetic 19 | . . . . . . . 6 6 7 Robot Hit Streak 16 | . 3 . 9 13 8 . 12 8 16 Robot Miss Streak 8 | . 2 . 4 2 3 . 8 1 . Penetration Max . | . . . . . . . . . . Secondary Targets 4 | . 1 . . . 3 . . . . Max Gunslinging Chain 1 | . 1 . . . 1 . . . . Shots Hit Robots 234 | . 7 . 19 44 51 . 89 11 13 Core Hits 129 | . 7 . 12 19 25 . 59 3 4 Critical Kills . | . . . . . . . . . . Critical Parts Destroyed . | . . . . . . . . . . Critical Strikes . | . . . . . . . . . . Melee Attacks . | . . . . . . . . . . Impact . | . . . . . . . . . . Slashing . | . . . . . . . . . . Piercing . | . . . . . . . . . . Sneak Attacks . | . . . . . . . . . . Combat Hostiles . | . . . . . . . . . . Follow-up Attacks . | . . . . . . . . . . Damage Inflicted 5637 | . 334 4 629 741 919 . 2424 176 410 Guns 3862 | . 60 . 168 576 885 . 1854 172 147 Cannons 638 | . . . 224 165 . . . . 249 Explosions 1075 | . 274 . 231 . . . 570 . . Melee . | . . . . . . . . . . Ramming 62 | . . 4 6 . 34 . . 4 14 Kinetic 3719 | . 60 . 168 659 885 . 1854 93 . Thermal 671 | . . . 224 82 . . 218 . 147 Explosive 505 | . 274 . 231 . . . . . . Electromagnetic 680 | . . . . . . . 352 79 249 Impact . | . . . . . . . . . . Slashing . | . . . . . . . . . . Piercing . | . . . . . . . . . . Highest Corruption 11 | . . . 10 10 11 11 . . 1 Average Corruption 10 | . . . 10 10 10 11 . . 1 Corruption Purged . | . . . . . . . . . . Corruption Blocked . | . . . . . . . . . . Effects 255 | . . . 8 14 90 143 . . . Message Errors 70 | . . . 3 5 25 37 . . . Matter Fused 62 | . . . 3 5 22 32 . . . Heat Flow Errors 27 | . . . 1 . 6 20 . . . Energy Discharges 40 | . . . . 1 15 24 . . . Parts Rejected 1 | . . . . . 1 . . . . Parts Fused 3 | . . . . . 1 2 . . . Data Loss (minor) 31 | . . . . 2 9 20 . . . Data Loss (major) 8 | . . . . . 3 5 . . . Misfires 2 | . . . . . 2 . . . . Alerts 4 | . . . . . 1 3 . . . Misdirections 2 | . . . 1 . 1 . . . . Weapon Failures 5 | . . . . 1 4 . . . . Overload Shots . | . . . . . . . . . . Overflow Damage 59 | . 8 . 17 . . . 34 . . Projectiles 17 | . . . 17 . . . . . . Explosions 42 | . 8 . . . . . 34 . . Melee . | . . . . . . . . . . Knockbacks . | . . . . . . . . . . Impact . | . . . . . . . . . . Kinetic . | . . . . . . . . . . Secondary . | . . . . . . . . . . Self-Inflicted Damage 45 | . . . 39 . . . . . 6 Shots 1 | . . . 1 . . . . . . Rammed 15 | . . 1 1 . 9 . 1 . 3 Targets Rammed 19 | . . 1 1 . 11 . 2 1 3 Kicked 2 | . . . . . . . 1 1 . Crushed 2 | . . . . . 2 . . . . Highest Temperature 357 | . . . 357 217 232 275 36 . 255 Average Temperature 89 | . . . 148 68 59 109 14 . 126 Received Heat Transfer 1318 | . 54 . 90 138 123 . 139 108 666 Effects 1 | . . . 1 . . . . . . Damage (minor) 1 | . . . 1 . . . . . . Siege Activations . | . . . . . . . . . . Robots Corrupted 2 | . . . . . . . . . 2 Combat Hostiles 2 | . . . . . . . . . 2 Parts Fried 4 | . . . . . . . 1 . 3 Impact Corruptions . | . . . . . . . . . . Robots Melted . | . . . . . . . . . . Combat Hostiles . | . . . . . . . . . . Parts Melted 2 | . . . . 1 . . 1 . . Heat Transferred 977 | . . . 407 148 . . 200 . 222 Parts Sabotaged . | . . . . . . . . . . Parts Stolen . | . . . . . . . . . . Parts Stripped . | . . . . . . . . . . Power Chain Reactions 1 | . . . . . . . 1 . . Alert | -11 -10 -10 -9 -9 -9 -9 -6 -5 -4 ------- Run | Yrd Mat Min Mat Sto Rec Scr Fac Fac Fac Peak Influence 387 | . 181 70 242 387 147 . 330 216 260 Initial 149 | . . 70 27 24 72 . . 149 105 Average 95 | . 85 70 86 171 44 . 168 157 164 Maximum Alert Level 1 | . . . 1 1 . . 1 1 1 Low Security (%) 85 | 100 100 100 88 57 100 . 60 93 69 Level 1 14 | . . . 11 42 . . 39 6 30 Level 2 . | . . . . . . . . . . Level 3 . | . . . . . . . . . . Level 4 . | . . . . . . . . . . Level 5 . | . . . . . . . . . . High Security . | . . . . . . . . . . Max Security . | . . . . . . . . . . Squads Dispatched 10 | . . . . 1 . . 6 . 3 Investigation 2 | . . . . 1 . . . . 1 Extermination 3 | . . . . . . . 2 . 1 Reinforcement 5 | . . . . . . . 4 . 1 Assault . | . . . . . . . . . . Garrison . | . . . . . . . . . . Intercept . | . . . . . . . . . . Searches Triggered . | . . . . . . . . . . Construction Impeded 2 | . . . . . . . 2 . . Haulers Reinforced 1 | . . . . . . . 1 . . Active Scanning Responses . | . . . . . . . . . . Cargo Convoy Interrupts . | . . . . . . . . . . Stealth | -11 -10 -10 -9 -9 -9 -9 -6 -5 -4 --------- Run | Yrd Mat Min Mat Sto Rec Scr Fac Fac Fac Distress Signals 3 | . 2 . 1 . . . . . . Communications Jammed . | . . . . . . . . . . Distress Signals . | . . . . . . . . . . Times Spotted 90 | . 8 . 13 12 9 . 24 8 16 Peak Tracking Total 8 | . 3 . 4 4 5 . 4 5 8 Tactical Retreats 5 | . . . . . . . 1 2 2 Traps | -11 -10 -10 -9 -9 -9 -9 -6 -5 -4 ------- Run | Yrd Mat Min Mat Sto Rec Scr Fac Fac Fac Traps Triggered . | . . . . . . . . . . Indirectly . | . . . . . . . . . . Trap Hack Attempts . | . . . . . . . . . . Triggered . | . . . . . . . . . . Disarmed . | . . . . . . . . . . Reprogrammed . | . . . . . . . . . . Reused . | . . . . . . . . . . Traps Extracted . | . . . . . . . . . . Installed . | . . . . . . . . . . Triggered . | . . . . . . . . . . Machines | -11 -10 -10 -9 -9 -9 -9 -6 -5 -4 ---------- Run | Yrd Mat Min Mat Sto Rec Scr Fac Fac Fac Machines Disabled 16 | . 2 . . 1 . . 13 . . Max in Single Turn 8 | . 2 . . 1 . . 8 . . Machines Repaired . | . . . . . . . . . . Machines Dismantled . | . . . . . . . . . . Machines Sabotaged . | . . . . . . . . . . Overloaded Fab Kills . | . . . . . . . . . . Hacking | -11 -10 -10 -9 -9 -9 -9 -6 -5 -4 --------- Run | Yrd Mat Min Mat Sto Rec Scr Fac Fac Fac Machines Accessed 31 | . 1 . 2 4 10 10 2 1 1 Terminals 15 | . 1 . 2 4 6 . 2 . . Fabricators . | . . . . . . . . . . Repair Stations 1 | . . . . . . . . 1 . Recycling Units 2 | . . . . . 2 . . . . Scanalyzers . | . . . . . . . . . . Garrison Access 1 | . . . . . . . . . 1 Total Hacks 117 | . 2 . 2 7 40 59 3 2 2 Successful 96 | . . . 1 3 30 59 2 1 . Failed 21 | . 2 . 1 4 10 . 1 1 2 Catastrophic 7 | . 1 . 1 1 4 . . . . Database Lockouts . | . . . . . . . . . . Manual 15 | . 2 . 2 5 6 . . . . Terminals 25 | . 2 . 2 7 11 . 3 . . Fabricators . | . . . . . . . . . . Repair Stations 2 | . . . . . . . . 2 . Recycling Units 5 | . . . . . 5 . . . . Scanalyzers . | . . . . . . . . . . Garrison Access 2 | . . . . . . . . . 2 Terminal Hacks 93 | . . . 1 3 28 59 2 . . Record 75 | . . . . . 24 50 1 . . Robot Analysis 7 | . . . . . . 7 . . . Prototype ID Bank 2 | . . . . . 1 . 1 . . Open Door 2 | . . . . 1 . 1 . . . Branch Access Points 3 | . . . 1 1 1 . . . . Emergency Access Points 1 | . . . . 1 . . . . . Unreport Threat 1 | . . . . . 1 . . . . Zone Layout 1 | . . . . . 1 . . . . Derelict Proto ID Bank 1 | . . . . . . 1 . . . Fabricator Hacks . | . . . . . . . . . . Repair Station Hacks 1 | . . . . . . . . 1 . Scan Component 1 | . . . . . . . . 1 . Recycling Unit Hacks 2 | . . . . . 2 . . . . Retrieve Components 2 | . . . . . 2 . . . . Scanalyzer . | . . . . . . . . . . Garrison Access Hacks . | . . . . . . . . . . Unauthorized Hacks . | . . . . . . . . . . Terminals . | . . . . . . . . . . Fabricators . | . . . . . . . . . . Repair Stations . | . . . . . . . . . . Recycling Units . | . . . . . . . . . . Scanalyzers . | . . . . . . . . . . Garrison Access . | . . . . . . . . . . Data Cores Recovered . | . . . . . . . . . . Used . | . . . . . . . . . . Hacking Detections 14 | . 1 . 1 3 5 . 2 1 1 Full Trace Events 5 | . 1 . . 1 2 . . . 1 Feedback Events 1 | . . . . . . . . . 1 Corruption 1 | . . . . . . . . . 1 Feedback Blocked . | . . . . . . . . . . Robot Schematics Acquired . | . . . . . . . . . . Robots Built . | . . . . . . . . . . Authchips . | . . . . . . . . . . Time . | . . . . . . . . . . Total Robot Build Rating . | . . . . . . . . . . Part Schematics Acquired . | . . . . . . . . . . Parts Built . | . . . . . . . . . . Authchips . | . . . . . . . . . . Time . | . . . . . . . . . . Total Part Build Rating . | . . . . . . . . . . Parts Repaired . | . . . . . . . . . . Time . | . . . . . . . . . . Parts Recycled . | . . . . . . . . . . Recycled Matter . | . . . . . . . . . . Retrieved Matter . | . . . . . . . . . . Retrieved Components 12 | . . . . . 12 . . . . Parts Scanalyzed . | . . . . . . . . . . Part Schematics Acquired . | . . . . . . . . . . Parts Damaged . | . . . . . . . . . . Bothacking | -11 -10 -10 -9 -9 -9 -9 -6 -5 -4 ------------ Run | Yrd Mat Min Mat Sto Rec Scr Fac Fac Fac Used RIF Installer . | . . . . . . . . . . Robots Hacked . | . . . . . . . . . . Non-combat . | . . . . . . . . . . Combat . | . . . . . . . . . . Robot Hacks Applied . | . . . . . . . . . . Relay Couplers Released . | . . . . . . . . . . Fabnet Peak Effective % . | . . . . . . . . . . Robots Rewired 5 | . . . . . 5 . . . . Allies Hacked . | . . . . . . . . . . Hacks Repelled . | . . . . . . . . . . Allies | -11 -10 -10 -9 -9 -9 -9 -6 -5 -4 -------- Run | Yrd Mat Min Mat Sto Rec Scr Fac Fac Fac Total Allies 6 | . . 1 . . 5 . . . . Largest Group 5 | . . 1 1 . 5 5 5 . . Highest-Rated Group 54 | . . 31 31 . 54 54 54 . . Highest-Rated Ally 31 | . . 31 31 . 27 27 27 . . Total Orders . | . . . . . . . . . . Ally Attacks 28 | . . . 9 . . . 19 . . Total Damage 271 | . . . 63 . . . 208 . . Kills 4 | . . . 1 . . . 3 . . Allies Corrupted . | . . . . . . . . . . Allies Melted . | . . . . . . . . . . Intel | -11 -10 -10 -9 -9 -9 -9 -6 -5 -4 ------- Run | Yrd Mat Min Mat Sto Rec Scr Fac Fac Fac Robot Analysis Total 7 | . . . . . . 7 . . . Derelict Logs Recovered 1 | . . 1 . . . . . . . Drone Launches . | . . . . . . . . . . Drone Recoveries . | . . . . . . . . . . Exploration | -11 -10 -10 -9 -9 -9 -9 -6 -5 -4 ------------- Run | Yrd Mat Min Mat Sto Rec Scr Fac Fac Fac Turns Passed 9073 | 72 98 303 444 403 2194 4103 991 171 294 Spaces Moved 5350 | 43 50 99 229 185 1243 2533 488 155 325 Core 214 | 3 . . . . . . . 61 150 Treads 4795 | 40 50 99 229 185 1243 2533 416 . . Legs 168 | . . . . . . . 72 94 2 Wheels . | . . . . . . . . . . Hover 173 | . . . . . . . . . 173 Flight . | . . . . . . . . . . Fastest Speed 50 | 50 160 160 160 160 160 160 120 50 50 Average Speed 152 | 152 160 160 160 160 160 160 154 92 73 Slowest Speed 400 | 160 160 160 160 160 160 160 190 120 400 Overloaded Moves . | . . . . . . . . . . Propulsion Burnouts . | . . . . . . . . . . Robots Hopped . | . . . . . . . . . . Cave-ins Triggered 1 | . . . 1 . . . . . . Exploration Rate (%) 34 | 5 20 42 18 42 99 95 14 3 10 Regions Visited 9 Branch Regions 4 Pre-discovered Areas . | . . . . . . . . . . Known Exits Taken 2 | . . . 1 1 . . . . . Unknown Exits Taken 7 | 1 1 1 . . 1 1 1 1 . Scrap Searched 2 | . . . . . . 2 . . . Spaces Dug 12 | . . . 12 . . . . . . Terrain Destroyed 49 | . 9 . 22 . . . 18 . . Melee . | . . . . . . . . . . Projectile . | . . . . . . . . . . AOE 49 | . 9 . 22 . . . 18 . . Terrain Rammed . | . . . . . . . . . . Walls Destroyed . | . . . . . . . . . . Machines Disabled . | . . . . . . . . . . Actions | -11 -10 -10 -9 -9 -9 -9 -6 -5 -4 --------- Run | Yrd Mat Min Mat Sto Rec Scr Fac Fac Fac Total 5984 | 47 57 243 270 229 1395 2583 626 168 366 Wait 307 | . . 144 15 1 40 47 48 . 12 Move 5341 | 42 49 98 228 184 1242 2532 487 154 325 Hop . | . . . . . . . . . . Pick Up 2 | . . . . . . 2 . . . Fast Attach 50 | 5 1 . 5 4 3 1 16 3 12 Attach 10 | . . . . 1 . . 5 . 4 Detach 7 | . . . . . 3 . 1 . 3 Swap 12 | . . . 2 4 2 . 4 . . Drop 24 | . 1 . 1 9 3 1 6 3 . Fire 139 | . 6 . 17 26 19 . 57 7 7 Melee . | . . . . . . . . . . Ram 4 | . . . 1 . . . . . 3 Kick 2 | . . . . . . . 1 1 . Crush 14 | . . 1 1 . 11 . 1 . . Escape Stasis . | . . . . . . . . . . Rewire 72 | . . . . . 72 . . . . Trap . | . . . . . . . . . . Miscellaneous . | . . . . . . . . . . Route ------- -11/Scrapyard -10/Materials -10/Mines -9/Materials (discovered 4 exits: [*Mat] / Min / *Sto x2) -9/Storage -9/Recycling (discovered 2 exits: [*Fac] / *Scr) -9/Scraptown (discovered 2 exits: *Fac x2) -6/Factory -5/Factory -4/Factory History --------- Turn | Location | Event 9 | -11/Scrapyard | Discovered new exit (range 16) 73 | -11/Scrapyard | Entered Materials 161 | -10/Materials | Discovered new exit (range 7) 171 | -10/Materials | Entered Mines 174 | -10/Mines | Assembled infested the area 179 | -10/Mines | Assisted by a Guerilla fighting off Assembled 308 | -10/Mines | Build established: Mutant 411 | -10/Mines | Learned Materials terminal intel 440 | -10/Mines | Discovered new exit (range 16) 459 | -10/Mines | Received a Mining Laser from a helpful Derelict 474 | -10/Mines | Entered Materials 474 | -9/Materials | Accompanied by 1 ally 474 | -9/Materials | Evolved 2 slots: Weapon x2 475 | -9/Materials | Loaded intel: 11 terminal locations 633 | -9/Materials | Identified exit to Mines 633 | -9/Materials | Identified exit to Storage 718 | -9/Materials | Discovered new exit (range 11) 768 | -9/Materials | Crushed by falling debris 768 | -9/Materials | System corruption reached 10% 799 | -9/Materials | Lost 3 parts (1p1u1w) 859 | -9/Materials | Build established: Gunner 918 | -9/Materials | Entered Storage 1170 | -9/Storage | Destroyed 7 combat bots 1297 | -9/Storage | Core integrity fell below 50% 1306 | -9/Storage | Identified exit to Recycling 1317 | -9/Storage | Used back door to open Recycling access 1321 | -9/Storage | Entered Recycling 1322 | -9/Recycling | Met a Zionite searching for Scraptown 1507 | -9/Recycling | Discovered new exit (range 15) 3105 | -9/Recycling | Build established: Commander-Gunner 3425 | -9/Recycling | Scanned before Scraplab entrance 3453 | -9/Recycling | Entered Scraplab 3481 | -9/Recycling | Discovered new exit (range 2) 3515 | -9/Recycling | Entered Scraptown 3515 | -9/Scraptown | Accompanied by 5 allies 3676 | -9/Scraptown | Heard Great Nut preacher, LISTEN AND RECITE! 3751 | -9/Scraptown | Build established: Commander-Mutant 4048 | -9/Scraptown | Visited Assassins FH 4145 | -9/Scraptown | Visited Comm Corps 4206 | -9/Scraptown | Visited IN-MT5's Study 4448 | -9/Scraptown | Discovered new exit (range 11) 4635 | -9/Scraptown | Visited The Evicted 4776 | -9/Scraptown | Visited UFD Registry 4777 | -9/Scraptown | Registered with UFD as "Databox" 4820 | -9/Scraptown | Visited Science Guys 4889 | -9/Scraptown | Visited Observation Area 4966 | -9/Scraptown | Visited Science Testing Area 5278 | -9/Scraptown | Visited Sword Containment 5344 | -9/Scraptown | Visited Analyses Database 5390 | -9/Scraptown | Visited Junk Repository 5430 | -9/Scraptown | Visited Curators Association 5528 | -9/Scraptown | Visited Derelict Rescue Squad 5539 | -9/Scraptown | Found DRS Beacon 5573 | -9/Scraptown | Visited Research Penetration Think Tank 5612 | -9/Scraptown | Visited Chapter 10 5809 | -9/Scraptown | Discovered new exit (range 3) 6068 | -9/Scraptown | Visited Cyclists 6103 | -9/Scraptown | Entered Cyclist Reading Room 6156 | -9/Scraptown | Visited Cave Peace 7618 | -9/Scraptown | Entered Factory 7618 | -6/Factory | Accompanied by 5 allies 7618 | -6/Factory | Evolved 6 slots: Power x2, Utility x4 7924 | -6/Factory | Build established: Commander-Gunner 8167 | -6/Factory | P-60 Hacker assimilated allied Savior 2a 8489 | -6/Factory | Discovered new exit (range 5) 8529 | -6/Factory | Lost 10 parts (2p2n2u4w) 8609 | -6/Factory | Entered another Factory area 8609 | -5/Factory | Evolved 2 slots: Utility x2 8749 | -5/Factory | Released all parts (3) 8771 | -5/Factory | Build established: Mutant 8776 | -5/Factory | Discovered new exit (range 6) 8780 | -5/Factory | Entered another Factory area 8780 | -4/Factory | Evolved 2 slots: Utility x2 8982 | -4/Factory | Lost 3 parts (1p1n1u) 9043 | -4/Factory | Core integrity fell below 50% 9064 | -4/Factory | Core integrity fell below 20% 9074 | -4/Factory | Destroyed by G-67 Veteran with Plasma Rifle Last Messages --------------- R-10 Processor collects Corrupted Flexi-carbon Leg. Penetrated by Slug. B-60 Warrior destroyed. Slug penetrates Wall. R-10 Processor collects Corrupted Imp. Treads. Acquired 71 matter. R-10 Processor collects Corrupted Neutrino Core. Penetrated by Slug. Slug penetrates Wall. Critical hit (Burn: +37). Penetrated by Slug. Slug penetrates Wall. Penetrated by Slug. Wave Gun destroyed. Penetrated by Slug. Slug penetrates Wall. Acquired Rnf. Fission Core. Slug penetrates Wall. Penetrated by Slug. Slug penetrates Wall. Map ----- +----------------------------------------------------+ | ?????????????????????????????????????????????????? | | ?????????????????????????????????????????????????? | | ?????????????????????????????????????????????????? | | ?????????????????????????????????????????????????? | | ?????????????????????????????????????????????????? | | ?????????????????????????????????????????????????? | | ?????????????????????????????????????????????????? | | ?????????????????????????????????????????????????? | | ?????????????????????????????????????????????????? | | ?????????????????????????????????????????????????? | | ?????????????????????????????????????????????????? | | ?????????????????????????????????????????????????? | | ?????????????????????????????????????????????????? | | ?????????????????????????????????????????????????? | | ?????????????????????????????????????????????????? | | ?????????????????????????????????????????????????? | | ?????????????????????????????????????????????????? | | ?????????????????????????????????????????????????? | | ?????????????????????????????????????????????????? | | ?????????????????????????????????????????????????? | | ??????????????????????##????????????????????###### | | ????????????????????###########?##########??? | | ????????????????????# [ #?# !#???? | | ????????????????????# ! #?# """ #??? | | ????????????????????#/ =! #?# """ #? ?"" "" | | ????????????????????# @ #?# """ # """ "" | | ????????????????????# gg #?# # """ "" | | ????????????????????# % !#?# # | | ????????????????????# h h%#?# " " # """ "" | | ????????????????????# =+ # "R" # """ "" | | ????????????????????#####+####### """ # """ "" | | ?????????????????????# #######+##### | | ?????????????????????# ""### #?# | | ?????????????????????# ########+#+ | | ?????????????????????# | | ?????????????????????# ### | | ?????????????????????# ##### #?# """ | | ?????????????????????# #???#######?# """ | | ?????????????????????## ##???????????# """ | | ??????????????????????# #?????????#### | | ????????????????????? #??? / | | ???????????????????? +?????""" ####### | | ??????????????????? #???????????????# | | ?????????????????? #???????????????# | | ?????????????????? #???????????????# | | ???????????????????? #######????????????????# | | ????????????????????????????????????????????###### | | ?????????????????????????????????????????????????? | | ?????????????????????????????????????????????????? | | ?????????????????????????????????????????????????? | +----------------------------------------------------+ Best States ------------- Heat Dissipation 56 Energy Generation 47 Energy Capacity 875 Matter Stores 300 Matter Capacity 300 Sight Range 16 Terrain Scan Density 10 Evasion (%) 55 Recoil Reduction 2 Particle Charging 20 Offensive Hacking 10 Defensive Hacking 10 Item Schematics ----------------- None Robot Schematics ------------------ None Fabricated ------------ Nothing Alien Tech Used ----------------- None Achievements -------------- None Challenges ------------ None Game ------ Seed SpectralLongswordWell Manual? 0 Play Time 00:59:03 Cumulative 66.6 hours Start 2024.08.07 @ 22:36:07 End 2024.08.07 @ 23:44:07 Sessions 1 Manual Loads 0 Difficulty Rogue Special Mode None Game No. 154 Rogue 79 Adventurer 75 Explorer 0 Win Type - Total 0 Types 0/0/0/0/0/0/0/0/0 Lore% 34 Gallery% 41 Achievement% 34 Wizard Run 0 Options --------- Layout 0 ASCII 0 Keyboard 0 Movement Mouse Keybinds 0 Fullscreen 1 Font 24/Smallcaps Map View 76x50 Zoom Use 0% Tactical HUD 0 Map Filters NONE Filters NONE Steam 1 RUN: 3dfb0160-45d0-4aa4-b3c5-5f2969852ad9